 Dungeon Crawl Stone Soup version 0.21-a0-394-gdc75ea7 (webtiles) character file.

102 oldspeak the Grave Robber (level 4, -1/30 HPs)
             Began as a Mummy Necromancer on Oct 18, 2017.
             Slain by Grinder (5 damage)
             ... on level 3 of the Dungeon.
             The game lasted 00:07:00 (3158 turns).

oldspeak the Grave Robber (Mummy Necromancer)       Turns: 3158, Time: 00:07:01

Health: -1/30      AC:  5    Str: 11    XL:     4   Next: 50%
Magic:  10/10      EV: 11    Int: 15    God:
Gold:   188        SH:  0    Dex: 12    Spells: 2/11 levels left

rFire    x . .     SeeInvis .   c - +1 trident
rCold    + + .     Gourm    .   (no shield)
rNeg     + + +     Faith    .   k - +2 leather armour {rC+}
rPois    ∞         Spirit   .   (no helmet)
rElec    .         Reflect  .   (no cloak)
rCorr    .         Harm     .   (no gloves)
MR       .....                  (no boots)
Stlth    ++........             (no amulet)
HPRegen  0.10/turn              g - ring of flight
MPRegen  0.12/turn              e - ring of stealth

@: no status effects
A: no food or potions, fire vulnerability, cold resistance 1, negative energy
resistance 3, torment resistance, unbreathing
a: Evoke Flight


You were on level 3 of the Dungeon.
You were not hungry.

You visited 1 branch of the dungeon, and saw 4 of its levels.

You collected 188 gold pieces.

Inventory:

Hand Weapons
 c - a +1 trident (weapon)
 h - a +0 club
Armour
 a - a +1 robe
 k - a +2 leather armour of cold resistance (worn)
Jewellery
 d - an uncursed ring of protection from cold
 e - a ring of stealth (right hand)
 g - a ring of flight (left hand)
 j - an uncursed ring of teleportation
Scrolls
 f - a scroll of teleportation
 i - 2 scrolls of identify
 l - a scroll of remove curse
 m - a scroll of blinking {unknown}
 n - a scroll of magic mapping {unknown}
 o - a scroll of fog {unknown}
Books
 b - a book of Necromancy

   Spells                             Type                      Level
   a - Pain                           Necromancy                   1
   b - Animate Skeleton               Necromancy                   1
   c - Vampiric Draining              Necromancy                   3
   d - Regeneration                   Charms/Necromancy            3
   e - Animate Dead                   Necromancy                   4
   f - Control Undead                 Necromancy                   4


   Skills:
 - Level 1.5 Dodging
 - Level 1.5 Stealth
 + Level 4.0 Spellcasting
 * Level 5.4 Necromancy


You had 2 spell levels left.
You knew the following spells:

 Your Spells              Type           Power        Failure   Level  Hunger
a - Pain                  Necr           ###.         2%          1    N/A
b - Animate Skeleton      Necr           N/A          2%          1    N/A
c - Vampiric Draining     Necr           ###.......   8%          3    N/A
d - Animate Dead          Necr           N/A          26%         4    N/A

Dungeon Overview and Level Annotations

Branches:
Dungeon (4/15)
 Temple: D:4-7

Altars:
Gozag
Nemelex Xobeh
Yredelemnul

Annotations:
D:3 Grinder


Innate Abilities, Weirdness & Mutations

You do not eat or drink.
Your flesh is vulnerable to fire.
You are immune to poison.
Your flesh is cold resistant. (rC+)
You are immune to negative energy. (rN+++)
You are immune to unholy pain and torment.
You can survive without breathing.


Message History

Grinder hits you!
You closely miss Grinder.
Grinder is severely wounded.
Grinder hits you. Grinder hits you but does no damage.
You closely miss Grinder.
Grinder is severely wounded.
Grinder closely misses you.
Your leather armour prevents you from hitting Grinder.
Grinder is severely wounded.
Grinder hits you.
* * * LOW HITPOINT WARNING * * *
You hit Grinder.
Grinder is severely wounded.
Grinder says, "Wait up."
Grinder hits you.
* * * LOW HITPOINT WARNING * * *
Unknown command.
Grinder blinks!
Grinder hits you.
You die...

###...## #.#
###.....######.#
#..............#
#.#.....########
#.##........# ###
#.##........# #..
##.##.######## #.# .
...##.# #.# #.
#####.# #@# .( #.#
#5# .# #.# #.#..##<.
##.## #####........
#...# #.......#####
#÷..# #.###.#.#
#...#####.# ......
####.........#
..#?##.
.............##....#
#


You could see Grinder.

Vanquished Creatures
  An adder (D:2)
  2 oozes
  3 worms
  4 dart slugs
  3 orcs
  3 giant cockroaches
  13 hobgoblins
  6 jackals
  A kobold (D:2)
  A quokka (D:2)
  2 ball pythons (D:1)
  10 bats
  4 frilled lizards
  4 goblins
  7 rats
64 creatures vanquished.

Vanquished Creatures (collateral kills)
  A jackal (D:2)
1 creature vanquished.

Grand Total: 65 creatures vanquished

Notes
Turn   | Place    | Note
-------+----------+-------------------------------------------
     0 | D:1      | oldspeak the Mummy Necromancer began the quest for the Orb.
     0 | D:1      | Reached XP level 1. HP: 13/13 MP: 4/4
   256 | D:2      | Reached XP level 2. HP: 17/19 MP: 0/6
   572 | D:1      | Learned a level 1 spell: Animate Skeleton
  1531 | D:2      | Found a sparkling altar of Nemelex Xobeh.
  1531 | D:2      | Found an opulent altar of Gozag.
  1655 | D:2      | Reached XP level 3. HP: 16/24 MP: 0/7
  1701 | D:2      | You fall through a shaft for 2 floors!
  1951 | D:3      | Found a basalt altar of Yredelemnul.
  1974 | D:3      | Reached skill level 5 in Necromancy
  2091 | D:3      | Learned a level 3 spell: Vampiric Draining
  2186 | D:2      | Reached XP level 4. HP: 21/30 MP: 6/9
  2538 | D:2      | Learned a level 4 spell: Animate Dead
  3136 | D:3      | Noticed Grinder
  3158 | D:3      | Slain by Grinder

Vault maps used:
D:1:      onia_arrival_mini_spirals, corexii_item_surrounded_by_moat,
          minmay_misc_feat_room, minmay_crystal_water
D:2:      grunt_temple_overflow_opulence, minmay_item_behind_shaft,
          grunt_ministairs_9
D:3:      eat_drink_and_be_merry_uskayaw, lemuel_crystal_altar,
          nemelex_xobeh_ov_fountains_minmay, uniq_natasha, uniq_grinder
D:4:      grunt_temple_overflow_bloody_war, gammafunk_temple_overflow_claw,
          zin_angel, first_bread

Skill      XL: |  1  2  3  4 |
---------------+-------------+-----
Spellcasting   | 3 4 |  4.0
Necromancy     | 5 |  5.4
Dodging        | |  1.5
Stealth        | |  1.5

Action                   |  1- 3 |  4- 6 || total
-------------------------+-------+-------++-------
Melee: Unarmed           |     3 |       ||     3
       Trident           |    28 |    84 ||   112
 Cast: Pain              |    88 |    13 ||   101
       Animate Skeleton  |     1 |       ||     1
       Animate Dead      |       |     4 ||     4
  Use: Scroll            |     4 |       ||     4
 Stab: Sleeping          |     5 |     4 ||     9
Armor: Robe              |    11 |       ||    11
       Leather armour    |     7 |    36 ||    43
Dodge: Dodged            |    36 |    45 ||    81

Table legend:
 A = Spawn XP
 B = Non-spawn XP
 C = Spawn XP percentage of total XP
 D = Spawn monster count
 E = Non-spawn monster count
 F = Spawn count percentage of total count
 G = Total turns spent on level
                    A         B        C        D         E        F      G
               +---------+---------+-------+---------+---------+-------+---------
         Total |       0 |     147 |   0.0 |       0 |      65 |   0.0 |  3158
               +---------+---------+-------+---------+---------+-------+---------
           D:1 |       0 |      32 |   0.0 |       0 |      21 |   0.0 |  1409
           D:2 |       0 |      77 |   0.0 |       0 |      30 |   0.0 |  1176
           D:3 |       0 |      33 |   0.0 |       0 |      12 |   0.0 |   442
           D:4 |       0 |       5 |   0.0 |       0 |       2 |   0.0 |   131
               +---------+---------+-------+---------+---------+-------+---------
